 Dungeon Crawl Stone Soup version 0.30-a0-1163-gf69bf04e7a (webtiles) character file.

Game seed: 3837143103951210818

56 Adrian566 the Shooter (level 3, -4/27 HPs)
             Began as a Vampire Hunter on Apr 28, 2023.
             Slain by a gnoll
             ... wielding a +0 flail
              (7 damage)
             ... on level 2 of the Dungeon.
             The game lasted 00:01:27 (1239 turns).

Adrian566 the Shooter (Vampire Hunter)              Turns: 1239, Time: 00:01:28

Health: -4/27      AC:  4    Str: 10    XL:     3   Next: 71%
Magic:  3/3        EV: 12    Int: 11    God:
Gold:   61         SH:  0    Dex: 19    Spells: 2/2 levels left

rFire   . . .        e - +0 dagger
rCold   . . .        (no shield)
rNeg    . . .        c - +0 leather armour
rPois   .            (no helmet)
rElec   .            (no cloak)
rCorr   .            g - +0 pair of gloves
SInv    +            (no boots)
Will    .....        (no amulet)
Stlth   ++           (no ring)
HPRegen 0.44/turn    (no ring)
MPRegen 0.08/turn

%: no passive effects
@: healing quickly
A: alive, fangs 3, see invisible, vampiric 2
a: Exsanguinate


You were on level 2 of the Dungeon.
You visited 1 branch of the dungeon, and saw 2 of its levels.

You collected 61 gold pieces.

Inventory:

Hand Weapons
 a - a +0 shortbow
 e - a +0 dagger (weapon)
Armour
 c - a +0 leather armour (worn)
 g - a +0 pair of gloves (worn)
Scrolls
 b - a scroll of immolation
 d - a scroll of vulnerability {unknown}
 f - 2 scrolls of identify {unknown}
 h - 3 scrolls of blinking {unknown}
 k - a scroll of summoning {unknown}
 m - a scroll of noise {unknown}
Potions
 i - a potion of attraction
 l - a potion of brilliance


   Skills:
 + Level 2.0 Fighting
 + Level 0.9 Short Blades
 + Level 3.9 Ranged Weapons
 + Level 0.5 Armour
 + Level 2.4 Dodging
 + Level 2.3 Stealth


You had 2 spell levels left.
You didn't know any spells.
Your spell library contained the following spells:

 Spells                   Type           Power      Damage    Failure   Level
 Alistair's Intoxication  Tmut/Pois      0%         N/A       100%        5
 Borgnjor's Vile Clutch   Necr/Erth      0%         N/A       100%        5
 Eringya's Noxious Bog    Tmut/Pois      0%         N/A       100%        6


Dungeon Overview and Level Annotations

Branches:
Dungeon (2/15)

Altars:

Shops:
D:1 (


Innate Abilities, Weirdness & Mutations

Your natural rate of healing is accelerated.
You have razor-sharp teeth.
You have supernaturally acute eyesight. (SInv)
You are afflicted with vampirism and can become a bat while bloodless.


Message History

Unknown command.
The gnoll hits you with a +0 flail. The gnoll attacks as you move away!
The gnoll hits you with a +0 flail! The gnoll attacks as you move away!
The gnoll closely misses you. The gnoll attacks as you move away!
The gnoll barely misses you. The gnoll attacks as you move away!
The gnoll hits you with a +0 flail.
* * * LOW HITPOINT WARNING * * *
You hit the gnoll but do no damage.
The gnoll is lightly wounded.
You hit the gnoll but do no damage. You bite the gnoll.
The gnoll is lightly wounded.
The gnoll barely misses you.
You closely miss the gnoll.
The gnoll is lightly wounded.
The gnoll barely misses you.
You hit the gnoll. Your bite misses the gnoll.
The gnoll is moderately wounded.
The gnoll closely misses you.
You hit the gnoll.
The gnoll is moderately wounded.
The gnoll hits you but does no damage.
You hit the gnoll.
The gnoll is severely wounded.
The gnoll closely misses you.
The frilled lizard unfolds its giant frill.
You hit the gnoll but do no damage.
The gnoll is heavily wounded.
The gnoll hits you with a +0 flail.
* * * LOW HITPOINT WARNING * * *
You hit the gnoll.
The gnoll is severely wounded.
The gnoll hits you with a +0 flail.
* * * LOW HITPOINT WARNING * * *
You hit the gnoll but do no damage.
The gnoll is severely wounded.
The gnoll misses you.
You hit the gnoll.
The gnoll is almost dead.
The gnoll hits you with a +0 flail!
You die...

###.....# #.#
#.##..†.... .......# #.#
#.##.......
#.....####.###.##.######
#......)........[#
##..##.######.####
#..##.# #.# #.....# #.#
#.w#########.# ####
#Klgg@.......# #...
##.############ #...
#..### #... ##.l..# #...
#...#.## #... #....K.###
#... .<...###...# #...
##.#. #w#.### #### .....
#K....# #


You could see a worm, a gnoll, a goblin, a kobold and a frilled lizard.

Vanquished Creatures
  3 adders (D:2)
  2 ball pythons
  A giant cockroach (D:1)
  5 goblins
  5 hobgoblins
  3 jackals (D:2)
  A quokka (D:2)
  4 frilled lizards
  4 kobolds
  2 rats
30 creatures vanquished.

Notes
Turn   | Place    | Note
-------+----------+-------------------------------------------
     0 | D:1      | Adrian566 the Vampire Hunter began the quest for the Orb.
     0 | D:1      | Reached XP level 1. HP: 16/16 MP: 1/1
   243 | D:1      | Found Ygedghoc's Antique Weapon Emporium.
   300 | D:1      | Reached XP level 2. HP: 18/22 MP: 2/2
   346 | D:1      | Found a faded altar of an unknown god.
   817 | D:2      | HP: 1/33 [poisoned by an adder]
   819 | D:2      | Gained mutation: You are afflicted with vampirism and can
                  | become a bat while bloodless. [Vampire growth]
   819 | D:2      | Reached XP level 3. HP: 1/27 MP: 3/3
  1239 | D:2      | Slain by a gnoll

Illustrated notes

Levels and vault maps discovered:
D:1:      lemuel_arrival_broad_hall, layout_loops_ring, serial_shops,
          nicolae_shop_pleasant_corner_grove,
          hellmonk_ecumenical_altar_leap_of_faith, nicolae_titane
D:2:      layout_loops_ring, basic_altar, minmay_fractal_squares_5

Skill      XL: |  1  2 |
---------------+-------+-----
Stealth        | 2 |  2.3
Fighting       | 2 |  2.0
Short Blades   | |  0.9
Ranged Weapons | |  3.9
Armour         | |  0.5
Dodging        | |  2.4

Action                     || total
---------------------------++-------
  Melee: Dagger            ||   141
         Bite              ||    11
         Punch             ||     2
   Fire: Shortbow          ||    12
    Use: Potion            ||     4
   Stab: Sleeping          ||     2
 Armour: Leather armour    ||    30
         Skin              ||     3
  Dodge: Dodged            ||    81

Table legend: (Time is in decaauts)
 A = Elapsed time spent in this place.
 B = Non-inter-level travel time spent in this place.
 C = Inter-level travel time spent in this place.
 D = Time resting spent in this place.
 E = Time spent auto-exploring this place.
 F = Levels seen in this place.
 G = Mean time per level.
                   A        B        C        D        E       F      G
               +--------+--------+--------+--------+--------+-----+--------+
         Total |   1240 |   1223 |     17 |    268 |    666 |   2 |  620.0 |
       Dungeon |   1240 |   1223 |     17 |    268 |    666 |   2 |  620.0 |
               +--------+--------+--------+--------+--------+-----+--------+

Top non-repeatable levels by time:
     D:1: 677 daAuts
     D:2: 563 daAuts
